 Dungeon Crawl Stone Soup version 0.31-a0-664-g902f515a81 (webtiles) character file.

Game seed: 18283130778657873439

5179 Descartes the Shield-Bearer (level 10, 0/51 HPs)
             Began as a Vine Stalker Fighter on Sept 2, 2023.
             Was an Initiate of Gozag.
             Succumbed to a killer bee's poison
             ... on level 9 of the Dungeon.
             The game lasted 00:12:37 (7298 turns).

Descartes the Shield-Bearer (Vine Stalker Fighter)  Turns: 7298, Time: 00:12:37

Health: 0/51       AC: 13    Str: 19    XL:     10   Next: 60%
Magic:  11/18      EV:  7    Int: 15    God:    Gozag
Gold:   290        SH:  5    Dex: 14    Spells: 19/19 levels left

rFire   . . .        K - +3 hand axe (freeze)
rCold   + + .        c - +0 buckler
rNeg    . . .        y - +1 chain mail of Haczamee {Str-4 Int+7}
rPois   .            m - +0 helmet
rElec   .            P - +0 cloak
rCorr   .            (no gloves)
SInv    .            (no boots)
Will    +....        (no amulet) Stlth
                     w - ring of protection from cold
HPRegen 1.08/turn    A - ring of protection from cold
MPRegen 0.16/turn

%: guardian spirit
@: lethally poisoned (0 -> -7), gold aura
A: fangs 3, regeneration 1, magic shield, antimagic bite, no potion heal 2
a: Renounce Religion, Potion Petition, Call Merchant, Bribe Branch


You were on level 9 of the Dungeon.
You worshipped Gozag.
Gozag was aware of your devotion.
You visited 2 branches of the dungeon, and saw 10 of its levels.
You also visited: Sewer.

You collected 795 gold pieces.
You paid 505 gold pieces to Gozag.

Inventory:

Hand Weapons
 a - a +0 war axe
 t - a +2 trident of venom
 B - a +1 dire flail of holy wrath
 K - a +3 hand axe of freezing (weapon)
Missiles
 s - a throwing net
 x - 13 boomerangs
 E - 12 poisoned darts
 F - 5 javelins
 Q - a curare-tipped dart
Armour
 c - a +0 buckler (worn)
 m - a +0 helmet (worn)
 y - the +1 chain mail of Haczamee (worn) {Str-4 Int+7}
   (You found it on level 6 of the Dungeon)

   Str-4:     It affects your strength (-4).
   Int+7:     It affects your intelligence (+7).
 J - +0 steam dragon scales
 P - a +0 cloak (worn)
Jewellery
 w - a ring of protection from cold (left hand)
 A - a ring of protection from cold (right hand)
 O - a +4 ring of protection
Wands
 I - a wand of charming (14)
 L - a wand of iceblast (3)
 M - a wand of mindburst (18)
Scrolls
 b - a scroll of fear {unknown}
 f - 2 scrolls of fog
 g - 2 scrolls of immolation
 j - a scroll of noise {unknown}
 l - 2 scrolls of poison
 p - 5 scrolls of teleportation
 u - 2 scrolls of enchant armour
 v - a scroll of silence {unknown}
 z - a scroll of acquirement {unknown}
 D - 3 scrolls of vulnerability
 H - a scroll of amnesia {unknown}
 R - a scroll of identify
Potions
 e - 3 potions of curing {unknown}
 h - a potion of resistance {unknown}
 i - a potion of magic {unknown}
 k - 2 potions of brilliance {unknown}
 n - 4 potions of heal wounds
 o - a potion of degeneration {unknown}
 q - a potion of haste
 r - a potion of enlightenment {unknown}
 C - a potion of cancellation {unknown}
 G - a potion of berserk rage {unknown}
 N - a potion of mutation {unknown}


   Skills:
 - Level 5.0 Fighting
 + Level 4.3(6.0) Axes
 + Level 3.2(4.3) Maces & Flails
 + Level 5.3(6.1) Polearms
 + Level 5.8 Armour
 + Level 6.4 Shields
 - Level 5.0 Spellcasting
 + Level 5.5 Evocations


You had 19 spell levels left.
You didn't know any spells.
Your spell library contained the following spells:

 Spells                   Type           Power      Damage    Failure   Level
 Freeze                   Ice            12%        1d3       82%         1
 Frozen Ramparts          Ice            6%         1d1       99%         3
 Hailstorm                Conj/Ice       3%         3d3       99%         3


Dungeon Overview and Level Annotations

Branches:
Dungeon (9/15)             Temple (1/1) D:7           Sewer (visited)
   Lair: D:8-11         Orc: D:9-12

Altars:
Ashenzari
Dithmenos
Elyvilon
Fedhas
Gozag
Hepliaklqana
Kikubaaqudgha
Nemelex Xobeh
Qazlal
Ru
Sif Muna
Trog
Uskayaw
Vehumet
Wu Jian
Xom
Zin
The Shining One

Shops:
D:5 :


Innate Abilities, Weirdness & Mutations

You have razor-sharp teeth.
Your natural rate of healing is unusually fast.
When hurt, damage is shared between your health and your magic reserves.
Your bite disrupts and absorbs the magic of your enemies.
Potions cannot restore your health.


Message History

* * * LOW HITPOINT WARNING * * *
The killer bee stings you.
* * * LOW HITPOINT WARNING * * *
You are more poisoned.
The killer bee poisons you!
You need at least 400 gold to purchase potions right now!
Unknown command.
You hit the killer bee. You freeze the killer bee.
Your bite misses the killer bee.
The killer bee is heavily wounded.
You hit the killer bee. You freeze the killer bee.
* * * LOW HITPOINT WARNING * * *
You feel sick. You block the killer bee's attack.
The killer bee stings you but does no damage. x3
You hit the killer bee. You freeze the killer bee.
The killer bee is almost dead.
You miss the killer bee.
You feel sick.
The killer bee is distracted by your dazzling golden aura.
The killer bee barely misses you. You block the killer bee's attack.
Unknown command.
You completely miss the killer bee.
The killer bee buzzes angrily.
Your bite misses the killer bee.
The killer bee is almost dead.
You miss the killer bee.
You feel sick. The killer bee completely misses you.
The killer bee stings you but does no damage.
Unknown command.
You hit the killer bee. You freeze the killer bee.
You kill the killer bee!
You hit the killer bee but do no damage.
* * * LOW HITPOINT WARNING * * *
You feel sick. The killer bee barely misses you. The killer bee stings you.
You are lethally poisoned!
The killer bee poisons you!
The killer bee stings you but does no damage.
You hit the killer bee but do no damage.
You closely miss the killer bee.
You feel yourself slow down.
You die...
Your body crumbles into a pile of gold.

... ... .... o.... ♣♣
♣yy... #
###♣♣.#♣#♣♣yyoo #
#........yyy# ##
##........@# .#
#..........# .#
##.#........###.#
.#####...#...........#
.......#...###.###...#
.########..#.....#.#.#
.##### ##.#..>..#.# #
.....#####.........#
.#.........#.....#.#


You could see an orc warrior, 7 killer bees, an orc priest and an orc.

Vanquished Creatures
  The ghost of Zigma the Grappler, a novice DrSh of Wu Jian (D:7)
  Maggie (D:7)
  A troll (D:9)
  A hornet (D:9)
  Prince Ribbit (D:6)
  Grinder (D:6)
  A wraith (D:9)
  2 wyverns
  2 steam dragons
  Menkaure (D:5)
  Edmund (D:5)
  A water moccasin (D:4)
  An orc warrior (D:8)
  3 sky beasts
  2 ice beasts (D:7)
  An ogre (D:5)
  A kobold brigand (D:8)
  3 scorpions
  2 wights
  15 killer bees
  2 howler monkeys (D:7)
  4 jellies
  3 hounds
  2 orc priests
  A gnoll bouda (D:9)
  6 iguanas
  5 orc wizards
  A hell rat (Sewer)
  6 gnolls
  2 river rats
  8 adders
  A shadow imp (D:7)
  2 white imps
  A worm (D:3)
  A dart slug (D:1)
  27 orcs
  11 ball pythons
  7 endoplasms
  5 giant cockroaches
  7 goblins
  8 hobgoblins
  6 jackals
  4 quokkas
  4 bats
  4 frilled lizards
  16 kobolds
  11 rats
197 creatures vanquished.

Vanquished Creatures (others)
  2 wights (D:7)
2 creatures vanquished.

Grand Total: 199 creatures vanquished

Notes
Turn   | Place    | Note
-------+----------+-------------------------------------------
     0 | D:1      | Descartes the Vine Stalker Fighter began the quest for the
                  | Orb.
     0 | D:1      | Reached XP level 1. HP: 11/11 MP: 2/2
   159 | D:1      | Reached XP level 2. HP: 16/16 MP: 3/3
   358 | D:1      | Noticed a great orb of eyes
   359 | D:1      | Found a faded altar of an unknown god.
   366 | D:1      | Noticed a great orb of eyes
   373 | D:1      | Noticed a golden eye
   374 | D:1      | Noticed a floating eye
   497 | D:1      | Reached XP level 3. HP: 19/19 MP: 5/5
  1129 | D:2      | Reached skill level 1 in Spellcasting
  1129 | D:2      | Reached skill level 1 in Evocations
  1309 | D:2      | Reached skill level 3 in Shields
  1309 | D:2      | Reached XP level 4. HP: 24/24 MP: 6/6
  1873 | D:3      | Found a glowing drain.
  1904 | Sewer    | Entered a sewer
  1984 | Sewer    | Reached XP level 5. HP: 27/28 MP: 6/8
  2127 | D:3      | You fall into a shaft and drop 3 floors!
  2188 | D:6      | Reached XP level 6. HP: 10/32 MP: 7/10
  2243 | D:6      | Noticed Grinder
  2253 | D:6      | Killed Grinder
  2254 | D:6      | Reached skill level 1 in Polearms
  2301 | D:6      | Reached XP level 7. HP: 37/37 MP: 11/11
  2387 | D:6      | Noticed Prince Ribbit
  2391 | D:6      | Reached skill level 4 in Shields
  2401 | D:6      | Killed Prince Ribbit
  2402 | D:6      | Gained mutation: You have razor-sharp teeth. [Vine Stalker
                  | growth]
  2402 | D:6      | Reached XP level 8. HP: 42/42 MP: 13/13
  2402 | D:6      | Identified the +1 chain mail of Haczamee {Str-4 Int+7}
  2466 | D:5      | Entered Level 5 of the Dungeon
  2543 | D:5      | Found a white marble altar of Elyvilon.
  3787 | D:5      | Noticed Menkaure
  3860 | D:5      | Killed Menkaure
  4036 | D:5      | Reached XP level 9. HP: 31/46 MP: 4/16
  4219 | D:5      | Noticed Edmund
  4232 | D:5      | Killed Edmund
  4233 | D:5      | Reached skill level 5 in Fighting
  4233 | D:5      | Reached skill level 5 in Shields
  4265 | D:5      | Found Oschyvad's Book Shop.
  4362 | D:5      | Found a glowing golden altar of the Shining One.
  5291 | D:7      | Noticed Maggie
  5303 | D:7      | Killed Maggie
  5363 | D:7      | Found a staircase to the Ecumenical Temple.
  5373 | Temple   | Entered the Ecumenical Temple
  5394 | Temple   | Became a worshipper of Gozag Ym Sagoz the Greedy
  5471 | D:7      | Found a runed translucent door.
  5471 | D:7      | Noticed Zigma's ghost (novice DrSh)
  5562 | D:7      | Reached skill level 5 in Armour
  5562 | D:7      | Reached skill level 5 in Spellcasting
  5661 | D:7      | Reached skill level 1 in Maces & Flails
  6382 | D:7      | Killed Zigma's ghost
  6509 | D:8      | Reached XP level 10. HP: 51/51 MP: 16/18
  6695 | D:8      | Reached skill level 6 in Shields
  6695 | D:8      | Reached skill level 5 in Evocations
  6709 | D:8      | HP: 2/51 [killer bee (1)]
  6714 | D:8      | HP: 1/51 [poisoned by a killer bee]
  7121 | D:9      | Reached skill level 5 in Polearms
  7295 | D:9      | HP: 2/51 [poisoned by a killer bee]
  7298 | D:9      | Succumbed to a killer bee's poison

Illustrated notes

Levels and vault maps discovered:
D:1:      dpeg_arrival_long_road, layout_basic,
          hellmonk_ecumenical_altar_watching_god, serial_bayou_lagoon_b
D:2:      layout_rooms, serial_co_window_serial, co_window_paths_a,
          co_window_of_opportunity_a, co_window_paths_a, co_window_paths_a,
          co_window_cross_1, co_window_cross_1, co_window_paths_a,
          co_window_paths_b, co_window_corner_a, co_window_corner_cb,
          co_window_corner_b, co_window_broadway_a, co_window_of_opportunity_b,
          co_window_4corner_b, glass_columns_c, glass_columns_c, glass_columns_c
D:3:      layout_basic, portal_sewer_entry_a, minmay_tree_intersection,
          nicolae_kite_square_tiling_tiny
D:4:      layout_loops_cross, dk_noncrumbling_4
D:5:      layout_basic, elyvilon_altar_5, tso_oasis_becter, serial_shops,
          nicolae_lakefront_shop, uniq_edmund, uniq_menkaure
D:6:      layout_basic, serial_glass, glass_columns_b, glass_columns_a,
          uniq_prince_ribbit1, uniq_grinder
D:7:      layout_layer_cave, minmay_temple_entry_arrows, gammafunk_ghost_grave,
          uniq_maggie
D:8:      layout_rooms
D:9:      wad_woods_minihive, layout_rooms, cheibriados_altar_1,
          small_statue_intersection, minivault_16, wad_woods_river_04,
          st_stairs_3
Temple:   nicolae_temple_slightly_damp_pantheon

Skill      XL: |  1  2  3  4  5  6  7  8  9 10 |
---------------+-------------------------------+-----
Axes           | 2 3 4 |  4.3
Spellcasting   | 1 2 3 4 5 |  5.0
Evocations     | 1 2 3 4 5 |  5.5
Fighting       | 3 4 5 |  5.0
Shields        | 3 4 5 6 |  6.4
Armour         | 3 4 5 |  5.8
Polearms       | 1 2 3 4 5 |  5.3
Maces & Flails | 2 3 |  3.2

Action                     |  1- 3 |  4- 6 |  7- 9 | 10-12 || total
---------------------------+-------+-------+-------+-------++-------
  Melee: War axe           |    92 |    63 |       |       ||   155
         Bite              |    17 |    17 |    71 |    47 ||   152
         Trident           |       |    42 |   234 |       ||   276
         Hand axe          |       |       |    85 |   157 ||   242
 Invoke: Potion Petition   |       |       |       |     1 ||     1
    Use: Scroll            |       |     2 |     3 |     3 ||     8
         Potion            |       |       |       |     2 ||     2
 Armour: Scale mail        |    44 |    60 |     9 |       ||   113
         Chain mail        |       |       |   195 |   194 ||   389
  Dodge: Dodged            |    48 |    39 |    77 |    67 ||   231
  Block: Buckler           |    25 |    18 |    58 |    60 ||   161

Table legend: (Time is in decaauts)
 A = Elapsed time spent in this place.
 B = Non-inter-level travel time spent in this place.
 C = Inter-level travel time spent in this place.
 D = Time resting spent in this place.
 E = Time spent auto-exploring this place.
 F = Levels seen in this place.
 G = Mean time per level.
                   A        B        C        D        E       F      G
               +--------+--------+--------+--------+--------+-----+--------+
         Total |   7467 |   7201 |    266 |      2 |   5701 |  11 |  678.8 |
       Dungeon |   7293 |   7067 |    226 |      2 |   5664 |   9 |  810.3 |
        Temple |     42 |      2 |     40 |      0 |      0 |   1 |   42.0 |
         Sewer |    131 |    131 |      0 |      0 |     36 |   1 |  131.0 |
               +--------+--------+--------+--------+--------+-----+--------+

Top non-repeatable levels by time:
     D:7: 1351 daAuts
     D:1: 984 daAuts
     D:2: 896 daAuts
     D:5: 851 daAuts
     D:6: 846 daAuts
     D:4: 766 daAuts
     D:3: 741 daAuts
     D:8: 700 daAuts
     D:9: 153 daAuts
   Sewer: 131 daAuts
  Temple: 42 daAuts
